 Dungeon Crawl Stone Soup version 0.26-a0-652-gafc20e3620 (console) character file.

Game seed: 15845163509053581074

90 om the Insei (level 4, -1/34 HPs)
             Began as a Gnoll Transmuter on Oct 2, 2020.
             Slain by an orc priest
             ... wielding a +0 dagger
              (2 damage)
             ... on level 2 of the Dungeon.
             The game lasted 00:03:23 (2003 turns).

om the Insei (Gnoll Transmuter)                     Turns: 2003, Time: 00:03:24

Health: -1/34      AC:  2    Str: 13    XL:     4   Next: 56%
Magic:  9/11       EV: 23    Int: 16    God:
Gold:   61         SH:  0    Dex: 20    Spells: 9/13 levels left

rFire    . . .     SeeInvis .     - Unarmed
rCold    + . .     Faith    .   (shield currently unavailable)
rNeg     . . .     Spirit   .   (armour currently unavailable)
rPois    x         Reflect  .   (helmet currently unavailable)
rElec    .         Harm     .   (cloak currently unavailable)
rCorr    .         Rampage  .   (gloves currently unavailable)
MR       .....                  (boots currently unavailable)
Stlth    ++........             (no amulet)
HPRegen  0.11/turn              d - ring of protection from cold
MPRegen  0.12/turn              (no ring)

@: about to teleport, spider-form
A: tiny, distributed training, strong nose
a: End Transformation


You were on level 2 of the Dungeon.
You were a venomous arachnid creature.
You visited 1 branch of the dungeon, and saw 2 of its levels.

You collected 61 gold pieces.

Inventory:

Armour
 a - a +0 robe (melded)
 c - a +0 scale mail
 h - a +0 cloak (melded)
 i - a +0 pair of gloves (melded)
Jewellery
 d - a ring of protection from cold (left front leg)
 f - an uncursed amulet of the acrobat {unknown}
Scrolls
 e - a scroll of immolation {unknown}
 g - a scroll of teleportation
Potions
 b - a potion of curing {unknown}


   Skills:
 + Level 2.8 Fighting
 + Level 1.2 Short Blades
 + Level 1.2 Long Blades
 + Level 1.2 Axes
 + Level 1.2 Maces & Flails
 + Level 1.2 Polearms
 + Level 1.2 Staves
 + Level 1.2 Slings
 + Level 1.2 Bows
 + Level 1.2 Crossbows
 + Level 1.2 Throwing
 + Level 1.2 Armour
 + Level 4.6 Dodging
 + Level 1.2 Stealth
 + Level 1.2 Shields
 + Level 6.6 Unarmed Combat
 + Level 5.1 Spellcasting
 + Level 1.0 Conjurations
 + Level 1.0 Hexes
 + Level 1.0 Summonings
 + Level 1.0 Necromancy
 + Level 1.0 Translocations
 + Level 3.8 Transmutations
 + Level 1.0 Fire Magic
 + Level 1.0 Ice Magic
 + Level 1.0 Air Magic
 + Level 1.0 Earth Magic
 + Level 1.0 Poison Magic
 + Level 1.3 Invocations
 + Level 1.2 Evocations


You had 9 spell levels left.
You knew the following spells:

 Your Spells              Type           Power        Failure   Level
a - Beastly Appendage     Tmut           ###...       11%         1
b - Spider Form           Tmut/Pois      ##........   36%         3

Your spell library contained the following spells:

 Spells                   Type           Power        Failure   Level
 Wereblood                Tmut           ###.....     14%         2
 Ice Form                 Ice/Tmut       ##......     71%         4
 Blade Hands              Tmut           ###.......   83%         5


Dungeon Overview and Level Annotations

Branches:
Dungeon (2/15)

Altars:


Innate Abilities, Weirdness & Mutations

Your experience applies equally to all skills.
((You have very sharp teeth.))
Your uncanny sense of smell can sniff out nearby items.


Message History

You kill the orc!
A puff of flame appears from out of thin air!
The puff of flame hits you!
You are too injured to fight recklessly!
You are too injured to fight recklessly!
The orc priest invokes the aid of Beogh against you.
Beogh smites you!
* * * LOW HITPOINT WARNING * * *
Items here: )) ††.
You hit the orc priest.
The orc priest is poisoned.
The orc priest is lightly wounded.
Something hits you.
* * * LOW HITPOINT WARNING * * *
The orc priest looks braver for a moment.
The orc misses you. Something hits you.
* * * LOW HITPOINT WARNING * * *
As you read the scroll labeled HAILUSA ETUO, it crumbles to dust.
You feel strangely unstable.
It was a scroll of teleportation.
The orc priest hits you with a +0 dagger.
You die...

#..### #........#.#♣♣.♣♣
###....####........#.# ♣.♣
#....................###.##
#..........................
#.....##..#...>.........###
#.....##.>#.............##.
#.....##..#................
#.....##..#................
###.####.##................
######.####..#†.............##
#.........#.os#.####.#......#.
#.........#.#{o.# #.....#....
#...........o..## #.#####.#..
#........?..#..# ..# #.#..
#........(..##...# ###
#...$....?..# #..# #
#..........####..# #
#................##
#.........o####[.#>.
#...........# ##.
####.##...#..#


You could see an orc priest (very poisoned) and 2 orcs.

Vanquished Creatures
  Natasha (D:2)
  An adder (D:2)
  2 worms (D:2)
  2 dart slugs
  A leopard gecko (D:1)
  An orc (D:2)
  4 giant cockroaches (D:2)
  8 goblins
  6 hobgoblins
  6 kobolds
  2 bats
  7 frilled lizards
  2 rats (D:1)
43 creatures vanquished.

Notes
Turn   | Place    | Note
-------+----------+-------------------------------------------
     0 | D:1      | om the Gnoll Transmuter began the quest for the Orb.
     0 | D:1      | Reached XP level 1. HP: 17/17 MP: 6/6
   482 | D:1      | Reached XP level 2. HP: 17/23 MP: 7/7
   668 | D:1      | HP: 1/23 [leopard gecko (1)]
  1245 | D:1      | Reached XP level 3. HP: 28/28 MP: 7/9
  1369 | D:2      | Reached skill level 5 in Spellcasting
  1447 | D:2      | Reached skill level 1 in Invocations
  1650 | D:2      | Reached skill level 1 in Short Blades
  1650 | D:2      | Reached skill level 1 in Long Blades
  1650 | D:2      | Reached skill level 1 in Axes
  1650 | D:2      | Reached skill level 1 in Maces & Flails
  1650 | D:2      | Reached skill level 1 in Polearms
  1650 | D:2      | Reached skill level 1 in Staves
  1650 | D:2      | Reached skill level 1 in Slings
  1650 | D:2      | Reached skill level 1 in Bows
  1650 | D:2      | Reached skill level 1 in Crossbows
  1650 | D:2      | Reached skill level 1 in Throwing
  1650 | D:2      | Reached skill level 1 in Armour
  1650 | D:2      | Reached skill level 1 in Stealth
  1650 | D:2      | Reached skill level 1 in Shields
  1650 | D:2      | Reached skill level 1 in Evocations
  1802 | D:2      | Learned a level 3 spell: Spider Form
  1812 | D:2      | Reached XP level 4. HP: 34/34 MP: 7/11
  1850 | D:2      | Noticed Natasha
  1856 | D:2      | Killed Natasha
  1997 | D:2      | Reached skill level 1 in Conjurations
  1997 | D:2      | Reached skill level 1 in Hexes
  1997 | D:2      | Reached skill level 1 in Summonings
  1997 | D:2      | Reached skill level 1 in Necromancy
  1997 | D:2      | Reached skill level 1 in Translocations
  1997 | D:2      | Reached skill level 1 in Fire Magic
  1997 | D:2      | Reached skill level 1 in Ice Magic
  1997 | D:2      | Reached skill level 1 in Air Magic
  1997 | D:2      | Reached skill level 1 in Earth Magic
  1997 | D:2      | Reached skill level 1 in Poison Magic
  2002 | D:2      | HP: 1/34 [something (1)]
  2003 | D:2      | Slain by an orc priest

Illustrated notes

Levels and vault maps discovered:
D:1:      sevenhm_arrival_forest_fort_large_4, layout_rooms
D:2:      layout_rooms, tso_oasis_becter, nicolae_qazlal_style_of_elements,
          nicolae_overflow_hidden_temple, interstate_on_off,
          minmay_tree_intersection, minmay_joined_circles, uniq_natasha

Skill      XL: |  1  2  3  4 |
---------------+-------------+-----
Spellcasting   | 5 |  5.1
Invocations    | 1 |  1.3
Short Blades   | 1 |  1.2
Long Blades    | 1 |  1.2
Axes           | 1 |  1.2
Maces & Flails | 1 |  1.2
Polearms       | 1 |  1.2
Staves         | 1 |  1.2
Slings         | 1 |  1.2
Bows           | 1 |  1.2
Crossbows      | 1 |  1.2
Throwing       | 1 |  1.2
Armour         | 1 |  1.2
Stealth        | 1 |  1.2
Shields        | 1 |  1.2
Evocations     | 1 |  1.2
Conjurations   | 1 |  1.0
Hexes          | 1 |  1.0
Summonings     | 1 |  1.0
Necromancy     | 1 |  1.0
Translocations | 1 |  1.0
Fire Magic     | 1 |  1.0
Ice Magic      | 1 |  1.0
Air Magic      | 1 |  1.0
Earth Magic    | 1 |  1.0
Poison Magic   | 1 |  1.0
Fighting       | |  2.8
Dodging        | |  4.6
Unarmed Combat | |  6.6
Transmutations | |  3.8

Action                   |  1- 3 |  4- 6 || total
-------------------------+-------+-------++-------
Melee: Unarmed           |    89 |    13 ||   102
       Kick              |    17 |       ||    17
       Bite              |     7 |       ||     7
       Headbutt          |     6 |       ||     6
 Cast: Beastly Appendage |    19 |       ||    19
       Spider Form       |     1 |     2 ||     3
  Use: Scroll            |       |     1 ||     1
 Stab: Sleeping          |     3 |       ||     3
Armor: Robe              |     9 |       ||     9
       Skin              |       |     2 ||     2
Dodge: Dodged            |    57 |     6 ||    63

Table legend: (Time is in decaauts)
 A = Elapsed time spent in this place.
 B = Non-inter-level travel time spent in this place.
 C = Inter-level travel time spent in this place.
 D = Time resting spent in this place.
 E = Time spent auto-exploring this place.
 F = Levels seen in this place.
 G = Mean time per level.
                   A        B        C        D        E       F      G
               +--------+--------+--------+--------+--------+-----+--------+
         Total |   1989 |   1901 |     88 |    596 |    997 |   2 |  994.5 |
       Dungeon |   1989 |   1901 |     88 |    596 |    997 |   2 |  994.5 |
               +--------+--------+--------+--------+--------+-----+--------+

Top non-repeatable levels by time:
     D:1: 1356 daAuts
     D:2: 633 daAuts
